 Dungeon Crawl Stone Soup version 0.21-a0-404-g291f19a (webtiles) character file.

56 zero the Chopper (level 3, -1/29 HPs)
             Began as a Demonspawn Berserker on Oct 31, 2017.
             Was a Believer of Trog.
             Slain by an orc
             ... wielding a +3 flail of holy wrath
              (4 damage)
             ... on level 2 of the Dungeon.
             The game lasted 00:01:01 (2011 turns).

zero the Chopper (Demonspawn Berserker)             Turns: 2011, Time: 00:01:02

Health: -1/29      AC:  2    Str: 18    XL:     3   Next: 69%
Magic:  3/3        EV: 12    Int:  8    God:    Trog [**....]
Gold:   46         SH:  0    Dex: 12    Spells: 2/2 levels left

rFire    . . .     SeeInvis .   a - +0 hand axe
rCold    . . .     Gourm    .   (no shield)
rNeg     . . .     Faith    .   b - +0 animal skin
rPois    .         Spirit   .   (no helmet)
rElec    .         Reflect  .   (no cloak)
rCorr    .         Harm     .   (no gloves)
MR       .....                  (no boots)
Stlth    +.........             (no amulet)
HPRegen  0.09/turn              (no ring)
MPRegen  0.08/turn              (no ring)

@: no status effects
A: claws 1
a: Berserk, Trog's Hand, Burn Spellbooks, Renounce Religion


You were on level 2 of the Dungeon.
You worshipped Trog.
Trog was pleased with you.
You were hungry.

You visited 1 branch of the dungeon, and saw 2 of its levels.

You collected 46 gold pieces.

Inventory:

Hand Weapons
 a - a +0 hand axe (weapon)
Armour
 b - a +0 animal skin (worn)
Jewellery
 e - a +4 ring of protection {unknown}
 h - an uncursed ring of magical power {unknown}
Scrolls
 d - a scroll of identify {unknown}
 j - a scroll of remove curse {unknown}
Comestibles
 c - a bread ration
 f - a fruit
 g - a royal jelly
 i - a meat ration


   Skills:
 - Level 3.0 Fighting
 + Level 4.3 Axes
 - Level 1.7 Armour
 - Level 1.7 Dodging


You had 2 spell levels left.
You didn't know any spells.

Dungeon Overview and Level Annotations

Branches:
Dungeon (2/15)

Altars:
Dithmenos
Elyvilon
Xom


Innate Abilities, Weirdness & Mutations

You have sharp fingernails.


Message History

An orc comes into view. It is wielding a dagger.
The orc shouts! x2; You hear a shout! x2
An orc comes into view. It is wielding a dagger.
There are monsters nearby!
There are monsters nearby!
The orc warrior hits you with a long sword!
A hobgoblin comes into view. It is wielding a club.
You closely miss the orc warrior.
There are monsters nearby!
You hit the orc warrior but do no damage.
The orc warrior barely misses you.
There are monsters nearby!
You hit the orc warrior.
The orc warrior is lightly wounded.
You completely miss the orc.
The orc warrior hits you with a long sword!
Ouch! That really hurt!
* * * LOW HITPOINT WARNING * * *
The orc hits you with a flail of holy wrath.
You die...

#........# #........#
##........#
..†.###'##############
#)...##.#.............
#....##.............#
+....##.#.####.####.#
#....##.#.###...##
#....##.#.##....@#
#....##.#.#.....oo#
.....##+#....._.o.o.
...... ..#.......#...
...##.....##..... ..
##...## .... ##.## ###
..


You could see an orc warrior and 3 orcs.

Vanquished Creatures
  An adder (D:2)
  3 worms (D:2)
  A dart slug (D:2)
  2 leopard geckos
  2 giant cockroaches (D:2)
  2 goblins
  6 hobgoblins
  2 jackals (D:1)
  3 bats (D:1)
  3 frilled lizards (D:1)
  8 kobolds
  2 rats
35 creatures vanquished.

Notes
Turn   | Place    | Note
-------+----------+-------------------------------------------
     0 | D:1      | zero the Demonspawn Berserker began the quest for the Orb.
     0 | D:1      | Reached XP level 1. HP: 18/18 MP: 1/1
    16 | D:1      | Noticed a minotaur zombie
    52 | D:1      | Reached skill level 3 in Axes
   111 | D:1      | Gained mutation: You have sharp fingernails. [demonic ancestry]
   111 | D:1      | Reached XP level 2. HP: 15/24 MP: 2/2
  1079 | D:2      | Found a shimmering altar of Xom.
  1130 | D:2      | Reached XP level 3. HP: 9/29 MP: 3/3
  1501 | D:2      | Reached skill level 4 in Axes
  1526 | D:2      | Reached ** piety under Trog
  1542 | D:2      | Found a white marble altar of Elyvilon.
  2005 | D:2      | Found a shadowy altar of Dithmenos.
  2005 | D:2      | Noticed an orc warrior
  2011 | D:2      | Slain by an orc

Vault maps used:
D:1:      shiori_arrival_whats_in_store_for_you
D:2:      kennysheep_the_goblin_king, overflow_temple_1_default,
          lemuel_round_altar, lemuel_doored_altar, kennysheep_generic_room_14

Skill      XL: |  1  2  3 |
---------------+----------+-----
Axes           | 3 4 |  4.3
Fighting       | |  3.0
Armour         | |  1.7
Dodging        | |  1.7

Action                   || total
-------------------------++-------
Melee: Hand axe          ||   120
 Stab: Sleeping          ||     3
  Eat: Chunk             ||     3
Armor: Animal skin       ||    13
Dodge: Dodged            ||    85

Table legend:
 A = Spawn XP
 B = Non-spawn XP
 C = Spawn XP percentage of total XP
 D = Spawn monster count
 E = Non-spawn monster count
 F = Spawn count percentage of total count
 G = Total turns spent on level
                    A         B        C        D         E        F      G
               +---------+---------+-------+---------+---------+-------+---------
         Total |       0 |      80 |   0.0 |       0 |      35 |   0.0 |  2011
               +---------+---------+-------+---------+---------+-------+---------
           D:1 |       0 |      25 |   0.0 |       0 |      17 |   0.0 |  1012
           D:2 |       0 |      55 |   0.0 |       0 |      18 |   0.0 |   999
               +---------+---------+-------+---------+---------+-------+---------
